 Seeded DCSS version 0.29-a0-82-g837932c90e (webtiles) character file.

Game seed: 10000000000011 (custom seed)

10519 knot the Severer (level 11, 0/75 HPs)
             Began as a Demonspawn Berserker on Feb 5, 2022.
             Was a Believer of Trog.
             Slain by a blink frog (7 damage)
             ... on level 1 of the Lair of Beasts.
             The game lasted 00:15:29 (14062 turns).

knot the Severer (Demonspawn Berserker)            Turns: 14062, Time: 00:15:29

Health: 0/75       AC: 11    Str: 17    XL:     11   Next: 37%
Magic:  0/11       EV:  8    Int: 13    God:    Trog [**....]
Gold:   276        SH:  5    Dex: 13    Spells: 10/10 levels left

rFire   . . .      SeeInvis .   A - +2 hand axe
rCold   + . .      Faith    .   (no shield)
rNeg    . . .      Spirit   +   y - +1 chain mail of Urghimes {Fly rPois rC+ Slay-2 Stlth+}
rPois   +          Reflect  +   (no helmet)
rElec   .          Harm     .   w - +1 cloak {Stlth+}
rCorr   .          Rampage  .   (gloves unavailable)
Will    ++...                   (no boots)
Stlth   +.........              d - amulet of reflection
HPRegen 1.22/turn               (no ring)
MPRegen 0.24/turn               (no ring)

@: strong-willed, on berserk cooldown, flying, regenerating, slowed, very slow
A: powered by death 1, magic shield, magic regeneration, sturdy frame 1, demonic
touch 3
a: Renounce Religion, Berserk, Trog's Hand


You were on level 1 of the Lair of Beasts.
You worshipped Trog.
Trog was pleased with you.
You visited 3 branches of the dungeon, and saw 12 of its levels.

You collected 616 gold pieces.
You spent 340 gold pieces at shops.

Inventory:

Hand Weapons
 i - a +3 scimitar of flaming
 A - a +2 hand axe (weapon)
 D - a +0 battleaxe
Missiles
 f - 217 stones
 p - 8 boomerangs (quivered)
 v - a curare-tipped dart
 z - 22 sling bullets
 F - 2 throwing nets
 H - 6 poisoned darts
Armour
 r - a +2 robe of fire resistance
 w - a +1 cloak of stealth (worn)
 y - the +1 chain mail of Urghimes (worn) {Fly rPois rC+ Slay-2 Stlth+}
   (You bought it in a shop on level 3 of the Dungeon)

   Slay:      It affects your accuracy & damage with ranged weapons and melee
   (-2).
   rC:        It protects you from cold.
   rPois:     It protects you from poison.
   Fly:       It grants you flight.
   Stlth:     It makes you more stealthy.
 E - the +3 hat of Pondering {ponderous, Will+ MP+10 Int+5}
   (You found it on level 8 of the Dungeon)

   Int:       It affects your intelligence (+5).
   MP:        It affects your magic capacity (+10).
   Will:      It increases your willpower.
 G - a +2 robe of cold resistance
Jewellery
 d - an amulet of reflection (around neck)
 C - a ring of willpower
Wands
 o - a wand of polymorph (16)
 q - a wand of flame (18)
 u - a wand of iceblast (14)
 K - a wand of paralysis (1)
Scrolls
 b - 2 scrolls of holy word {unknown}
 c - a scroll of amnesia {unknown}
 k - 6 scrolls of identify {unknown}
 m - 3 scrolls of blinking {unknown}
 n - 2 scrolls of fog {unknown}
 x - 3 scrolls of teleportation {unknown}
 I - a scroll of magic mapping {unknown}
 J - a scroll of summoning {unknown}
 L - a scroll of torment {unknown}
 M - a scroll of fear {unknown}
Potions
 a - a potion of berserk rage {unknown}
 e - 7 potions of curing {unknown}
 g - a potion of lignification {unknown}
 h - a potion of might {unknown}
 j - a potion of magic {unknown}
 l - a potion of heal wounds {unknown}
 s - a potion of brilliance {unknown}
 t - 2 potions of resistance {unknown}
 B - 2 potions of attraction {unknown}


   Skills:
 - Level 3.0 Fighting
 + Level 16.4 Axes
 - Level 1.7 Armour
 - Level 1.7 Dodging


You had 10 spell levels left.
You didn't know any spells.
Your spell library contained the following spells:

 Spells                   Type           Power      Damage    Failure   Level
 Pain                     Necr           0%         1d4       94%         1
 Corpse Rot               Necr/Air       0%         N/A       98%         2
 Ensorcelled Hibernation  Hex/Ice        0%         N/A       98%         2
 Passwall                 Tmut/Erth      0%         N/A       98%         2
 Poisonous Vapours        Pois/Air       0%         N/A       98%         2
 Ozocubu's Armour         Ice            0%         N/A       100%        3
 Summon Guardian Golem    Hex/Summ       0%         N/A       100%        3
 Swiftness                Air            0%         N/A       100%        3
 Tukima's Dance           Hex            0%         N/A       100%        3
 Anguish                  Hex/Necr       0%         N/A       100%        4
 Agony                    Necr           0%         N/A       100%        5
 Excruciating Wounds      Necr           0%         N/A       100%        5
 Metabolic Englaciation   Hex/Ice        0%         N/A       100%        5
 Simulacrum               Ice/Necr       0%         N/A       100%        6
 Enfeeble                 Hex            0%         N/A       100%        7
 Orb of Destruction       Conj           0%         9d5       100%        7
 Spellforged Servitor     Conj/Summ      0%         N/A       100%        7


Dungeon Overview and Level Annotations

Branches:
Dungeon (10/15)            Temple (1/1) D:4            Lair (1/6) D:9
    Orc: D:9-12

Altars:
Elyvilon
Nemelex Xobeh
Okawaru
Qazlal
Ru
Uskayaw
Wu Jian
Xom

Shops:
D:3 [   D:8 :


Innate Abilities, Weirdness & Mutations

You regenerate a little health from kills.
When hurt, damage is shared between your health and your magic reserves.
You regenerate magic rapidly.
Your movements are slightly less encumbered by armour. (ER -2)
Your touch may irresistibly damage your foes and sap their willpower.


Message History

The blink frog hits you but does no damage.
You barely miss the blink frog.
The blink frog is almost dead.
You block the blink frog's attack.
You slash the blink frog!
You kill the blink frog!
Trog accepts your kill.
You hit the blink frog. The blink frog hits you.
The blink frog blinks!
The blink frog hits you.
The blink frog blinks!
The blink frog blinks!
The blink frog hits you!
The blink frog blinks!
You are too injured to fight recklessly!
You are too injured to fight recklessly!
You are too injured to fight recklessly!
You are too injured to fight recklessly!
You are too injured to fight recklessly!
You are too injured to fight recklessly!
Throw: 8 boomerangs
Press: ? - help, Q - select action, (/) - cycle Shift-Dir - straight line, f - blink frog
Aim: a blink frog (lightly wounded, 28% to hit)
You throw a boomerang. The boomerang hits the blink frog.
The blink frog is lightly wounded.
The blink frog blinks!
The blink frog hits you! The blink frog barely misses you.
You are too injured to fight recklessly!
You closely miss the blink frog. Your touch misses the blink frog.
The blink frog is severely wounded.
You hit the blink frog. The blink frog closely misses you.
The blink frog hits you!
* * * LOW HITPOINT WARNING * * *
The blink frog blinks!
You barely miss the blink frog. Your touch misses the blink frog.
The blink frog is severely wounded.
The blink frog hits you!
* * * LOW HITPOINT WARNING * * *
The blink frog blinks!
Your skin crawls.
You feel strong-willed.
The blink frog blinks!
The blink frog closely misses you. The blink frog hits you!
You die...

..............##....#.####
P............##.......÷...
.♣#..†......##P..........
♣.##.....[...###...#.#...#
...........>.......#######
............(......#
...................#
..###....F....§....# .
#....@.........#
#...F............
#...................
.....................
.............##.
.............#
.###.........# #.........#


You could see 2 blink frogs.

Vanquished Creatures
  A hydra (Lair:1)
  Harold (D:8)
  Erica (D:8)
  A two-headed ogre (D:8)
  The ghost of robertstho the Thaumaturge, a novice DjFE of Makhleb (D:8)
  A black mamba (Lair:1)
  Joseph (D:7)
  2 cane toads
  A komodo dragon (Lair:1)
  A kobold demonologist (D:5)
  Prince Ribbit (D:8)
  3 blink frogs (Lair:1)
  7 yaks
  A basilisk (Lair:1)
  An acid dragon (D:9)
  3 water moccasins
  3 orc warriors
  A black bear (D:5)
  A necrophage (D:6)
  A boggart (D:5)
  An ice beast (D:7)
  4 ogres
  A centaur (D:8)
  A phantom (D:6)
  A kobold brigand (D:7)
  7 scorpions
  2 wyvern zombies (D:7)
  3 bullfrogs
  A wyvern skeleton (D:7)
  Dowan (D:4)
  8 killer bees (D:9)
  9 wights
  3 howler monkeys (D:9)
  2 centaur zombies
  3 orc priests
  3 hounds
  2 jellies
  2 bullfrog skeletons
  3 centaur skeletons
  Ijyb (D:4)
  4 orc wizards
  A scorpion zombie (D:5)
  7 adders
  A shadow imp (D:7)
  A white imp (D:5)
  20 orcs
  6 endoplasms
  2 giant cockroaches
  5 goblins
  5 hobgoblins
  14 jackals
  A quokka (D:4)
  4 ball pythons
  7 bats
  5 frilled lizards
  7 kobolds
  5 rats
186 creatures vanquished.

Vanquished Creatures (others)
  6 fungi
  3 plants (Lair:1)
9 creatures vanquished.

Grand Total: 195 creatures vanquished

Notes
Turn   | Place    | Note
-------+----------+-------------------------------------------
     0 | D:1      | knot the Demonspawn Berserker began the quest for the Orb.
     0 | D:1      | Reached XP level 1. HP: 18/18 MP: 1/1
    55 | D:1      | Reached skill level 3 in Axes
   209 | D:1      | Gained mutation: You regenerate magic rapidly. [demonic
                  | ancestry]
   209 | D:1      | Reached XP level 2. HP: 16/24 MP: 2/2
  1138 | D:2      | Gained mutation: Your touch may inflict minor irresistible
                  | damage on your foes. [demonic ancestry]
  1138 | D:2      | Reached XP level 3. HP: 28/29 MP: 3/3
  1213 | D:2      | Reached skill level 4 in Axes
  1584 | D:2      | HP: 2/43 [adder (2)]
  2010 | D:2      | Reached XP level 4. HP: 31/35 MP: 4/4
  2456 | D:3      | Noticed an ogre
  2465 | D:3      | Killed an ogre
  2466 | D:3      | Reached skill level 5 in Axes
  2466 | D:3      | Reached XP level 5. HP: 40/41 MP: 5/5
  2675 | D:3      | Found Daocsar's Antique Armour Emporium.
  3050 | D:4      | Reached ** piety under Trog
  3128 | D:4      | Found a staircase to the Ecumenical Temple.
  3174 | D:4      | Reached skill level 6 in Axes
  3202 | Temple   | Entered the Ecumenical Temple
  3430 | D:4      | Noticed Duvessa
  3431 | D:4      | Noticed Duvessa
  3431 | D:4      | Duvessa changed into Duvessa the scorpion
  3442 | D:4      | Killed Duvessa the scorpion
  3443 | D:4      | Gained mutation: Your touch may inflict irresistible damage
                  | on your foes. [demonic ancestry]
  3443 | D:4      | Reached XP level 6. HP: 47/47 MP: 6/6
  3447 | D:4      | Noticed Dowan
  4177 | D:4      | Killed Dowan
  4180 | D:4      | Noticed Ijyb
  4402 | D:4      | Killed Ijyb
  4803 | D:4      | Reached skill level 7 in Axes
  5278 | D:5      | Entered Level 5 of the Dungeon
  5287 | D:5      | Noticed a kobold demonologist
  5293 | D:5      | Killed a kobold demonologist
  5294 | D:5      | Gained mutation: When hurt, damage is shared between your
                  | health and your magic reserves. [demonic ancestry]
  5294 | D:5      | Reached XP level 7. HP: 52/52 MP: 7/7
  5514 | D:5      | Reached skill level 8 in Axes
  5886 | D:5      | You fall into a shaft and drop 2 floors!
  6002 | D:7      | Reached skill level 9 in Axes
  6002 | D:7      | Gained mutation: You regenerate a little health from kills.
                  | [demonic ancestry]
  6002 | D:7      | Reached XP level 8. HP: 50/58 MP: 5/8
  6213 | D:6      | Found an iron altar of Okawaru.
  6213 | D:6      | Found a sparkling altar of Nemelex Xobeh.
  6213 | D:6      | Found a shimmering altar of Xom.
  6220 | D:6      | Found an ornate altar of the Wu Jian Council.
  6657 | D:6      | Reached skill level 10 in Axes
  7152 | D:5      | Found a hide-covered altar of Uskayaw.
  7638 | D:6      | Reached skill level 11 in Axes
  7831 | D:6      | Gained mutation: Your touch may irresistibly damage your
                  | foes and sap their willpower. [demonic ancestry]
  7831 | D:6      | Reached XP level 9. HP: 61/63 MP: 7/9
  8478 | D:3      | Bought a runed cloak for 150 gold pieces
  8478 | D:3      | Bought an ichor-stained chain mail for 190 gold pieces
  8478 | D:3      | Identified the +1 chain mail of Urghimes {Fly rPois rC+
                  | Slay-2 Stlth+} (You bought it in a shop on level 3 of the
                  | Dungeon)
  8570 | D:7      | Noticed Joseph
  8591 | D:7      | Killed Joseph
  8930 | D:7      | Reached skill level 12 in Axes
  9041 | D:7      | Found a sacrificial altar of Ru.
  9445 | D:8      | Noticed a two-headed ogre
  9460 | D:8      | Killed a two-headed ogre
  9469 | D:8      | Reached skill level 13 in Axes
  9788 | D:8      | Reached XP level 10. HP: 68/70 MP: 8/10
  9820 | D:8      | Found Yhyquem's Self-Improvement Boutique.
  9893 | D:8      | Found a large runed translucent door.
  9893 | D:8      | Found a large runed translucent door.
  9894 | D:8      | Noticed robertstho's ghost (novice DjFE)
 10023 | D:8      | Found the +3 hat of Pondering {ponderous, Will+ MP+10
                  | Int+5}
 10027 | D:8      | Noticed Harold
 10045 | D:8      | Killed Harold
 10275 | D:8      | Noticed Prince Ribbit
 10291 | D:8      | Reached skill level 14 in Axes
 10295 | D:8      | Killed Prince Ribbit
 10411 | D:8      | Noticed Erica
 10577 | D:8      | Killed Erica
 10918 | D:8      | Killed robertstho's ghost
 11189 | D:9      | Reached skill level 15 in Axes
 11802 | D:9      | Found a staircase to the Lair.
 12570 | D:10     | Entered Level 10 of the Dungeon
 12624 | Lair:1   | Entered Level 1 of the Lair of Beasts
 12660 | Lair:1   | Noticed a cane toad
 12662 | Lair:1   | Noticed a black mamba
 12676 | D:9      | Killed a cane toad
 12677 | D:9      | Gained mutation: Your movements are slightly less
                  | encumbered by armour. (ER -2) [demonic ancestry]
 12677 | D:9      | Reached XP level 11. HP: 38/75 MP: 6/11
 13356 | Lair:1   | Reached skill level 16 in Axes
 13769 | Lair:1   | Noticed a five-headed hydra
 13785 | Lair:1   | Killed a one-headed hydra
 14062 | Lair:1   | Slain by a blink frog

Illustrated notes

Levels and vault maps discovered:
D:1:      lordsloth_arrival_two_stooges, layout_basic, grunt_decor_fettered,
          minmay_misc_feat_diagonals, nicolae_concentric_dashed_squares_wild
D:2:      layout_rooms, hangedman_decor_clover_reticule
D:3:      layout_basic, serial_shops, shop, kennysheep_path_1
D:4:      layout_rooms, temple_doors_e, uniq_duvessa, uniq_ijyb
D:5:      layout_loops_cross, nicolae_uskayaw_suspiria, item_on_display_a
D:6:      layout_rooms, nicolae_overflow_hidden_temple, grunt_ministairs_6
D:7:      layout_loops_ring, nicolae_ru_awakened_eye, palyth_stone_intersect,
          minmay_misc_feat_alley, minivault_27, uniq_joseph
D:8:      layout_loops_ring, ebering_ghost_disaster_area,
          nicolae_shop_self_help, uniq_harold, uniq_erica, uniq_prince_ribbit1
D:9:      layout_grid_maze, grunt_lair_entry_orc_guard_hut
D:10:     layout_loops_cross, mainiacjoe_overflow_alcove_2,
          kennysheep_little_box
Temple:   dshaligram_water_room_temple
Lair:1:   layout_small_grid, minivault_27, grunt_forest_small_clearing_treed,
          uniq_maggie

Skill      XL: |  1  2  3  4  5  6  7  8  9 10 11 |
---------------+----------------------------------+-----
Axes           | 3 4 5 6 7 9 11 13 15 16 | 16.4
Fighting       | |  3.0
Armour         | |  1.7
Dodging        | |  1.7

Action                   |  1- 3 |  4- 6 |  7- 9 | 10-12 || total
-------------------------+-------+-------+-------+-------++-------
Melee: Hand axe          |   113 |   104 |   308 |   275 ||   800
       Touch             |     5 |    16 |    77 |    34 ||   132
       Punch             |       |     2 |     6 |     4 ||    12
       Scimitar          |       |       |       |     6 ||     6
Throw: Stone             |       |     1 |     4 |       ||     5
       Dart              |       |       |     4 |     7 ||    11
       Boomerang         |       |       |       |    20 ||    20
Invok: Berserk           |     2 |     7 |    12 |    14 ||    35
       Trog's Hand       |       |       |       |     2 ||     2
Evoke: Wand              |       |     1 |     1 |     5 ||     7
 Stab: Sleeping          |     1 |       |     1 |       ||     2
       Paralysed         |       |       |       |     2 ||     2
Armor: Animal skin       |    26 |    11 |       |       ||    37
       Robe              |       |     2 |    27 |       ||    29
       Chain mail        |       |       |    31 |    91 ||   122
Dodge: Dodged            |    99 |    49 |    72 |    61 ||   281
Block: Other             |    46 |    25 |    43 |    39 ||   153

Table legend: (Time is in decaauts)
 A = Elapsed time spent in this place.
 B = Non-inter-level travel time spent in this place.
 C = Inter-level travel time spent in this place.
 D = Time resting spent in this place.
 E = Time spent auto-exploring this place.
 F = Levels seen in this place.
 G = Mean time per level.
                   A        B        C        D        E       F      G
               +--------+--------+--------+--------+--------+-----+--------+
         Total |  14221 |  13684 |    537 |   6726 |   5476 |  12 | 1185.1 |
       Dungeon |  12479 |  11942 |    537 |   5172 |   5434 |  10 | 1247.9 |
        Temple |   1105 |   1105 |      0 |   1085 |      0 |   1 | 1105.0 |
          Lair |    636 |    636 |      0 |    468 |     42 |   1 |  636.0 |
               +--------+--------+--------+--------+--------+-----+--------+

Top non-repeatable levels by time:
     D:9: 2266 daAuts
     D:8: 1656 daAuts
     D:6: 1610 daAuts
     D:4: 1307 daAuts
     D:7: 1290 daAuts
     D:5: 1284 daAuts
     D:2: 1236 daAuts
     D:1: 1140 daAuts
  Temple: 1105 daAuts
     D:3: 684 daAuts
  Lair:1: 636 daAuts
    D:10: 1 daAuts
